 Dungeon Crawl Stone Soup version 0.23.2-30-g0e89c35649 (webtiles) character file.

Game seed: 15798150001821164937

109 eccles the Digger (level 4, -1/24 HPs)
             Began as a Gargoyle Earth Elementalist on June 21, 2019.
             Slain by Robin
             ... wielding a +0 spear
              (6 damage)
             ... on level 3 of the Dungeon.
             The game lasted 00:11:38 (2364 turns).

eccles the Digger (Gargoyle Earth Elementalist)     Turns: 2364, Time: 00:11:40

Health: -1/24      AC:  7    Str: 17    XL:     4   Next: 89%
Magic:  5/7        EV: 12    Int: 16    God:
Gold:   80         SH:  0    Dex: 10    Spells: 7/8 levels left

rFire    . . .     SeeInvis .   j - +1 short sword
rCold    . . .     Gourm    .   (no shield)
rNeg     + . .     Faith    .   m - +0 leather armour
rPois    ∞         Spirit   .   (no helmet)
rElec    +         Reflect  .   (no cloak)
rCorr    .         Harm     .   u - +0 pair of gloves
MR       .....                  (no boots)
Stlth    ++........             (no amulet)
HPRegen  0.08/turn              (no ring)
MPRegen  0.10/turn              (no ring)

@: mighty
A: negative energy resistance 1, electricity resistance, unbreathing,
petrification resistance, rot immunity, AC +3
a: no special abilities


You were on level 3 of the Dungeon.
You were not hungry.

You visited 1 branch of the dungeon, and saw 3 of its levels.

You collected 80 gold pieces.

Inventory:

Hand Weapons
 g - a +0 dagger
 h - a +0 dagger of flaming
 j - a +1 short sword (weapon)
 l - a +2 hand axe of freezing
Missiles
 b - 26 stones (quivered)
 i - 23 arrows
Armour
 c - a +0 robe
 m - a +0 leather armour (worn)
 u - a +0 pair of gloves (worn)
Jewellery
 a - an uncursed ring of stealth {unknown}
Scrolls
 f - a scroll of fog {unknown}
 k - a scroll of magic mapping {unknown}
 n - a scroll of identify
 p - a scroll of fear
Potions
 e - a potion of flight
 o - a potion of might
 r - a potion of brilliance {unknown}
 s - a potion of resistance {unknown}
 v - a potion of degeneration {unknown}
Comestibles
 d - 8 rations


   Skills:
 + Level 0.2 Fighting
 + Level 1.0 Short Blades
 + Level 0.3 Armour
 + Level 2.1 Dodging
 + Level 2.3 Stealth
 + Level 0.2 Unarmed Combat
 + Level 2.5 Spellcasting
   Level 0.7 Transmutations
 + Level 5.2 Earth Magic


You had 7 spell levels left.
You knew the following spells:

 Your Spells              Type           Power        Failure   Level  Hunger
a - Sandblast             Erth           ###...       2%          1    #......

Your spell library contained the following spells:

 Spells                   Type           Power        Failure   Level  Hunger
 Passwall                 Tmut/Erth      ##......     11%         2    ##.....
 Stone Arrow              Conj/Erth      ##....       24%         3    ###....
 Petrify                  Tmut/Erth      ##......     56%         4    #####..
 Lee's Rapid Deconstruct  Erth           ###.......   58%         5    ######.


Dungeon Overview and Level Annotations

Branches:
Dungeon (3/15)

Altars:
Ru

Annotations:
D:3 Robin


Innate Abilities, Weirdness & Mutations

You are resistant to torment.
Your stone body is resilient. (AC +3)
You are immune to poison.
You resist negative energy. (rN+)
You are resistant to electric shocks. (rElec)
You can survive without breathing.
You are immune to petrification.
You are immune to rotting.


Message History

You barely miss the goblin. Robin throws the goblin at you!
The goblin hits you but does no damage. x2; The goblin closely misses you.
The goblin hits you but does no damage.
You puncture the hobgoblin!
You kill the hobgoblin!
Robin misses you. The goblin hits you but does no damage.
The goblin misses you. The goblin closely misses you.
You puncture the goblin!
You kill the goblin!
Robin barely misses you. The goblin hits you but does no damage.
The goblin misses you. The goblin barely misses you. The worm bites you.
Robin hits you but does no damage.
You puncture the goblin!
You kill the goblin!
The goblin no longer looks unusually strong.
The goblin hits you with a +0 vampiric dagger.
* * * LOW HITPOINT WARNING * * *
The kobold closely misses you.
Robin hits you from afar with a +0 spear.
You die...

.........# .
#.........#..
#.........#.
#..........
#.........#
.........
#...gK#
#...g@#
#..gw.#
#...Kg#
.........#
..[......#
......####
...... ......
...$..


You could see a worm, Robin, 3 goblins and 2 kobolds.

Vanquished Creatures
  4 adders (D:2)
  A worm (D:2)
  2 dart slugs (D:1)
  2 leopard geckos (D:2)
  3 bats (D:1)
  8 giant cockroaches
  10 goblins
  7 hobgoblins
  2 jackals (D:2)
  A quokka (D:2)
  2 ball pythons
  A frilled lizard (D:2)
  8 kobolds
  7 rats
58 creatures vanquished.

Notes
Turn   | Place    | Note
-------+----------+-------------------------------------------
     0 | D:1      | eccles the Gargoyle Earth Elementalist began the quest for
                  | the Orb.
     0 | D:1      | Reached XP level 1. HP: 10/10 MP: 3/3
   439 | D:1      | Reached skill level 4 in Earth Magic
   439 | D:1      | Reached XP level 2. HP: 15/15 MP: 1/5
  1315 | D:1      | Reached XP level 3. HP: 19/19 MP: 4/6
  1668 | D:2      | Reached XP level 4. HP: 15/24 MP: 3/7
  1705 | D:2      | Reached skill level 5 in Earth Magic
  2023 | D:2      | Found a sacrificial altar of Ru.
  2337 | D:3      | Reached skill level 1 in Short Blades
  2350 | D:3      | Noticed Robin
  2364 | D:3      | Slain by Robin

Skill      XL: |  1  2  3  4 |
---------------+-------------+-----
Earth Magic    | 4 5 |  5.2
Dodging        | 2 |  2.1
Short Blades   | 1 |  1.0
Fighting       | |  0.2
Armour         | |  0.3
Stealth        | |  2.3
Unarmed Combat | |  0.2
Spellcasting   | |  2.5
Transmutations | |  0.7

Action                   |  1- 3 |  4- 6 || total
-------------------------+-------+-------++-------
Melee: Unarmed           |     7 |       ||     7
       Dagger            |     2 |       ||     2
       Short sword       |    47 |    43 ||    90
 Cast: Sandblast         |    37 |    22 ||    59
  Use: Scroll            |     3 |     2 ||     5
       Potion            |       |     1 ||     1
  Eat: Chunk             |     3 |     2 ||     5
Armor: Robe              |    24 |       ||    24
       Leather armour    |     2 |    33 ||    35
Dodge: Dodged            |    58 |    58 ||   116
